NCAA
WEST VIRGINIA MOUNTAINEERS @ MISSISSIPPI REBELS
04/17/2029
 
TOP OF THE 1ST
West Virginia Mountaineers batting - Pitching for Mississippi Rebels : LHP Arthur Ferguson
Pitching: LHP Arthur Ferguson
Batting: LHB José Galindo 0-0: Ball
1-0: Called Strike
1-1: Ball
2-1: SINGLE (Groundball, 4MD)
Batting: RHB Pancho Rodríguez 0-0: Ball
1-0: Ball
Wild Pitch!
José Galindo to second
2-0: Foul Ball, location: 2F
2-1: SINGLE (Groundball, 4D)
José Galindo to third
Runner from 3rd tries for Home, SAFE, throw made home
Batting: RHB David Randall 0-0: Ball
1-0: Called Strike
1-1: Ball
2-1: Foul Ball, location: 2F
2-2: Ball
3-2: Strikes out looking
Batting: RHB Víctor León 0-0: Ball
1-0: SINGLE (Line Drive, 56)
Pancho Rodríguez to second
Batting: LHB Jeremy Howard 0-0: Called Strike
0-1: Ball
Pancho Rodríguez steals 3rd base
Víctor León to second
1-1: Ball
2-1: Foul Ball, location: 2F
2-2: Foul Ball, location: 2F
2-2: Ball
3-2: Foul Ball, location: 2F
3-2: Base on Balls
Batting: LHB Juan Garza 0-0: Swinging Strike
0-1: Ball
1-1: Foul Ball, location: 2F
1-2: Foul Ball, location: 2F
1-2: Foul Ball, location: 2F
1-2: Ball
2-2: Foul Ball, location: 2F
2-2: Strikes out looking
Batting: RHB Jeffrey Dunbar 0-0: Called Strike
0-1: Ball
1-1: Foul Ball, location: 2F
1-2: Foul Ball, location: 2F
1-2: Strikes out looking
Top of the 1st over - 1 run, 3 hits, 0 errors, 3 left on base; West Virginia 1 - Mississippi 0
BOTTOM OF THE 1ST
Mississippi Rebels batting - Pitching for West Virginia Mountaineers : RHP Dale Jordan
Pitching: RHP Dale Jordan
Batting: RHB Jon Waller 0-0: Called Strike
0-1: Fly out, F9 (Flyball, 9)
Batting: LHB Erik Moore 0-0: Ball
1-0: Ball
2-0: Ball
3-0: Called Strike
3-1: Base on Balls
Batting: RHB Jesús Estrada 0-0: Foul Ball, location: 2F
0-1: Swinging Strike
0-2: Foul Ball, location: 2F
0-2: Ball
1-2: Ball
2-2: SINGLE (Groundball, 56D)
Erik Moore to second
Batting: LHB John Allen 0-0: Ball
1-0: Ball
2-0: Ball
3-0: Called Strike
3-1: DOUBLE (Flyball, 7LD)
Erik Moore scores
Jesús Estrada to third
Batting: RHB Jesús Pérez 0-0: Ball
1-0: Foul Ball, location: 2F
1-1: SINGLE (Flyball, 8LS)
Jesús Estrada scores
John Allen to third
Batting: LHB Howard Tyler 0-0: Foul Ball, location: 2F
0-1: SINGLE (Line Drive, 89M)
John Allen scores
Jesús Pérez to second
Batting: RHB Mac Clark 0-0: Ball
1-0: Ball
2-0: Ball
3-0: Called Strike
3-1: Foul Ball, location: 2F
3-2: Base on Balls
Jesús Pérez to third
Howard Tyler to second
Batting: LHB Bob Crawford 0-0: Called Strike
0-1: DOUBLE (Line Drive, 8RXD)
Jesús Pérez scores
Howard Tyler scores
Mac Clark to third
Batting: RHB Manuel Ortíz 0-0: SINGLE (Line Drive, 7S)
Mac Clark scores
Bob Crawford to third
Batting: RHB Jon Waller 0-0: Ball
1-0: Ball
Wild Pitch!
Bob Crawford scores
Manuel Ortíz to second
2-0: Ball
3-0: Called Strike
3-1: Swinging Strike
3-2: DOUBLE (Line Drive, 7D)
Manuel Ortíz scores
Batting: LHB Erik Moore 0-0: Called Strike
0-1: Called Strike
0-2: SINGLE (Line Drive, 9S)
Jon Waller to third
Runner from 3rd tries for Home, SAFE, throw made home
Batting: RHB Jesús Estrada 0-0: Ball
1-0: Ball
2-0: Grounds into double play, 3-6-1 (Groundball, 34)
Bottom of the 1st over - 9 runs, 8 hits, 0 errors, 0 left on base; West Virginia 1 - Mississippi 9
TOP OF THE 2ND
West Virginia Mountaineers batting - Pitching for Mississippi Rebels : LHP Arthur Ferguson
Batting: RHB Chris Smith 0-0: Foul Ball, location: 2F
0-1: Ball
1-1: Foul Ball, location: 2F
1-2: Ground out 6-3 (Groundball, 6)
Batting: SHB George Murphy 0-0: Ball
1-0: Ball
2-0: Ball
3-0: Base on Balls
Batting: LHB José Galindo 0-0: Ball
1-0: Ball
2-0: Ball
3-0: Called Strike
3-1: Foul Ball, location: 2F
3-2: DOUBLE (Line Drive, 9LM)
George Murphy to third
Batting: RHB Pancho Rodríguez 0-0: Ball
1-0: Ball
2-0: Foul Ball, location: 2F
2-1: Called Strike
2-2: Strikes out looking
Batting: RHB David Randall 0-0: Ball
1-0: Swinging Strike
1-1: Ball
2-1: Ball
3-1: Base on Balls
Batting: RHB Víctor León 0-0: Ball
1-0: Ball
2-0: Swinging Strike
2-1: Called Strike
2-2: Ball
3-2: Base on Balls
George Murphy scores
José Galindo to third
David Randall to second
Batting: LHB Jeremy Howard 0-0: Ball
1-0: Called Strike
1-1: Foul Ball, location: 2F
1-2: Ball
2-2: Foul Ball, location: 2F
2-2: SINGLE (Groundball, 56D)
José Galindo scores
David Randall to third
Víctor León to second
Runner from 3rd tries for Home, SAFE, no throw
Batting: LHB Juan Garza 0-0: Ball
1-0: Ball
2-0: Ball
3-0: Called Strike
3-1: Base on Balls
Víctor León to third
Jeremy Howard to second
Batting: RHB Jeffrey Dunbar 0-0: Fly out, F9 (Flyball, 9S)
Top of the 2nd over - 3 runs, 2 hits, 0 errors, 3 left on base; West Virginia 4 - Mississippi 9
BOTTOM OF THE 2ND
Mississippi Rebels batting - Pitching for West Virginia Mountaineers : RHP Dale Jordan
Pitching: RHP James Smith
Batting: LHB John Allen 0-0: Called Strike
0-1: Foul Ball, location: 2F
0-2: Strikes out looking
Batting: RHB Jesús Pérez 0-0: SINGLE (Line Drive, 9LS)
Batting: LHB Howard Tyler 0-0: Called Strike
0-1: Ball
1-1: Ball
2-1: Swinging Strike
2-2: Foul Ball, location: 2F
2-2: Fly out, F5 (Popup, 56)
Batting: RHB Mac Clark 0-0: Ball
1-0: Swinging Strike
1-1: Ball
2-1: Ball
3-1: SINGLE (Line Drive, 89S)
Jesús Pérez to second
Runner from 2nd tries for 3rd, OUT!
Bottom of the 2nd over - 0 runs, 2 hits, 0 errors, 1 left on base; West Virginia 4 - Mississippi 9
TOP OF THE 3RD
West Virginia Mountaineers batting - Pitching for Mississippi Rebels : LHP Arthur Ferguson
Batting: RHB Chris Smith 0-0: Ball
1-0: Ball
2-0: Ball
3-0: Base on Balls
Pitching: LHP Paul Hart
Batting: SHB George Murphy 0-0: Called Strike
0-1: SINGLE (Groundball, 6D)
Chris Smith to second
Batting: LHB José Galindo 0-0: SINGLE (Flyball, 89S)
Chris Smith to third
George Murphy to second
Runner from 3rd tries for Home, SAFE, throw made home
Batting: RHB Pancho Rodríguez 0-0: Called Strike
0-1: Fly out, F8 (Flyball, 8LD)
Batting: RHB David Randall 0-0: Ball
1-0: Ball
2-0: Ball
Wild Pitch!
George Murphy to third
José Galindo to second
3-0: Called Strike
3-1: Foul Ball, location: 2F
3-2: Strikes out looking
Batting: RHB Víctor León 0-0: Ball
1-0: Ball
Wild Pitch!
George Murphy scores
José Galindo to third
2-0: Ball
3-0: Base on Balls
Batting: LHB Jeremy Howard 0-0: Ball
1-0: Ball
2-0: Ball
3-0: Called Strike
3-1: Foul Ball, location: 2F
3-2: Ground out 6-3 (Groundball, 6)
Top of the 3rd over - 2 runs, 2 hits, 0 errors, 2 left on base; West Virginia 6 - Mississippi 9
BOTTOM OF THE 3RD
Mississippi Rebels batting - Pitching for West Virginia Mountaineers : RHP James Smith
Batting: LHB Bob Crawford 0-0: Ball
1-0: Foul Ball, location: 2F
1-1: SINGLE (Line Drive, 89S)
Batting: RHB Manuel Ortíz 0-0: Ball
Bob Crawford steals 2nd base
1-0: Fly out, F7 (Line Drive, 7)
Batting: RHB Jon Waller 0-0: Called Strike
0-1: Ground out U3 (Groundball, 34S)
Bob Crawford to third
Batting: LHB Erik Moore 0-0: Ball
1-0: SINGLE (Line Drive, 78M)
Bob Crawford scores
Batting: RHB Jesús Estrada 0-0: Ball
1-0: Foul Ball, location: 2F
1-1: Ball
2-1: SINGLE (Flyball, 9LS)
Erik Moore to second
Runner from 2nd tries for 3rd, SAFE, throw made to third
Batting: LHB John Allen 0-0: Foul Ball, location: 2F
0-1: Foul Ball, location: 2F
0-2: Ground out 6-3 (Groundball, 6M)
Bottom of the 3rd over - 1 run, 3 hits, 0 errors, 2 left on base; West Virginia 6 - Mississippi 10
TOP OF THE 4TH
West Virginia Mountaineers batting - Pitching for Mississippi Rebels : LHP Paul Hart
Batting: LHB Juan Garza 0-0: Ball
1-0: Foul Ball, location: 2F
1-1: Foul Ball, location: 2F
1-2: Ball
2-2: Ball
3-2: Base on Balls
Batting: RHB Jeffrey Dunbar 0-0: Ball
1-0: Ball
2-0: Grounds into double play, 4-6-3 (Groundball, 4)
Batting: RHB Chris Smith 0-0: Ball
1-0: Ball
2-0: DOUBLE (Line Drive, 8RD) - OUT at third base trying to stretch hit.
Top of the 4th over - 0 runs, 1 hit, 0 errors, 0 left on base; West Virginia 6 - Mississippi 10
BOTTOM OF THE 4TH
Mississippi Rebels batting - Pitching for West Virginia Mountaineers : RHP James Smith
Batting: RHB Jesús Pérez 0-0: Ball
1-0: Ball
2-0: Ball
3-0: Base on Balls
Batting: LHB Howard Tyler 0-0: Ball
1-0: Called Strike
1-1: Foul Ball, location: 2F
1-2: Ball
2-2: Fielders Choice at 2nd, 4-6 (Groundball, 4)
Batting: RHB Mac Clark 0-0: Called Strike
Howard Tyler steals 2nd base
0-1: Called Strike
0-2: Ground out 5-3 (Groundball, 5)
Batting: LHB Bob Crawford 0-0: Foul Ball, location: 2F
0-1: Swinging Strike
0-2: SINGLE (Line Drive, 7LM)
Howard Tyler to third
Throwing error, E7
Howard Tyler scores
Bob Crawford to second
Batting: RHB Manuel Ortíz 0-0: Ball
1-0: Ball
2-0: Ground out 5-3 (Groundball, 56D)
Bottom of the 4th over - 1 run, 1 hit, 1 error, 1 left on base; West Virginia 6 - Mississippi 11
TOP OF THE 5TH
West Virginia Mountaineers batting - Pitching for Mississippi Rebels : LHP Paul Hart
Batting: SHB George Murphy 0-0: Called Strike
0-1: Ball
1-1: Ball
2-1: Ball
3-1: Called Strike
3-2: Ground out 5-3 (Groundball, 56)
Batting: LHB José Galindo 0-0: Ball
1-0: Foul Ball, location: 2F
1-1: SINGLE (Line Drive, 8RS)
Batting: RHB Pancho Rodríguez 0-0: Ball
1-0: Ball
2-0: DOUBLE (Line Drive, 3D)
José Galindo to third
Runner from 3rd tries for Home, SAFE, no throw
Batting: RHB David Randall 0-0: Ball
1-0: Swinging Strike
1-1: Called Strike
Pancho Rodríguez steals 3rd base
1-2: Foul Ball, location: 2F
1-2: Ball
2-2: Strikes out swinging
Batting: RHB Víctor León 0-0: Called Strike
0-1: Called Strike
0-2: Foul Ball, location: 2F
0-2: Strikes out looking
Top of the 5th over - 1 run, 2 hits, 0 errors, 1 left on base; West Virginia 7 - Mississippi 11
BOTTOM OF THE 5TH
Mississippi Rebels batting - Pitching for West Virginia Mountaineers : RHP James Smith
Batting: RHB Jon Waller 0-0: Called Strike
0-1: TRIPLE (Flyball, 8RXD)
Batting: LHB Erik Moore 0-0: Ball
1-0: Ball
2-0: Ground out 6-3 (Groundball, 6)
Jon Waller scores
Batting: RHB Jesús Estrada 0-0: Ball
1-0: Ball
2-0: Reached on error, E4 (Groundball, 4)
Batting: LHB John Allen 0-0: Ball
1-0: Fly out, F9 (Flyball, 89D)
Batting: RHB Jesús Pérez 0-0: Ball
1-0: Called Strike
1-1: Foul Ball, location: 2F
1-2: Strikes out looking
Bottom of the 5th over - 1 run, 1 hit, 1 error, 1 left on base; West Virginia 7 - Mississippi 12
TOP OF THE 6TH
West Virginia Mountaineers batting - Pitching for Mississippi Rebels : LHP Paul Hart
Batting: LHB Jeremy Howard 0-0: Ball
1-0: Foul Ball, location: 2F
1-1: Ball
2-1: Reached on error, E3 (Groundball, 34)
Pitching: RHP Mike White
Batting: LHB Juan Garza 0-0: Fielders Choice at 2nd, 4-6 (Groundball, 4M)
Batting: RHB Jeffrey Dunbar 0-0: Ball
1-0: Called Strike
1-1: Called Strike
1-2: Ball
2-2: Strikes out swinging
Batting: RHB Chris Smith 0-0: Ball
1-0: Called Strike
1-1: Fly out, F8 (Flyball, 78D)
Top of the 6th over - 0 runs, 0 hits, 1 error, 1 left on base; West Virginia 7 - Mississippi 12
BOTTOM OF THE 6TH
Mississippi Rebels batting - Pitching for West Virginia Mountaineers : RHP James Smith
Batting: LHB Howard Tyler 0-0: SINGLE (Groundball, 4MD)
Pitching: LHP Josh Fritz
Batting: RHB Mac Clark 0-0: Foul Ball, location: 2F
0-1: Foul Ball, location: 2F
0-2: Strikes out swinging
Batting: LHB Bob Crawford 0-0: Ball
1-0: Called Strike
1-1: Fly out, F9 (Flyball, 9LSF)
Batting: RHB Manuel Ortíz 0-0: Ball
1-0: Ball
2-0: Called Strike
2-1: Foul Ball, location: 2F
2-2: Ball
3-2: Base on Balls
Howard Tyler to second
Batting: RHB Jon Waller 0-0: Ball
1-0: Foul Ball, location: 2F
1-1: DOUBLE (Line Drive, 89D)
Howard Tyler scores
Manuel Ortíz to third
Runner from 3rd tries for Home, SAFE, no throw
Batting: LHB Erik Moore 0-0: Ball
1-0: Called Strike
1-1: Called Strike
1-2: Ball
2-2: Ball
3-2: Strikes out looking
Bottom of the 6th over - 2 runs, 2 hits, 0 errors, 1 left on base; West Virginia 7 - Mississippi 14
TOP OF THE 7TH
West Virginia Mountaineers batting - Pitching for Mississippi Rebels : RHP Mike White
Batting: SHB George Murphy 0-0: Ball
1-0: Ball
2-0: Ball
3-0: Called Strike
3-1: Base on Balls
Batting: LHB José Galindo 0-0: Called Strike
0-1: Swinging Strike
0-2: Strikes out looking
Batting: RHB Pancho Rodríguez 0-0: Fly out, F3 (Popup, 3F)
Batting: RHB David Randall 0-0: Called Strike
0-1: Foul Ball, location: 2F
0-2: Ball
1-2: Ball
2-2: Strikes out swinging
Top of the 7th over - 0 runs, 0 hits, 0 errors, 1 left on base; West Virginia 7 - Mississippi 14
BOTTOM OF THE 7TH
Mississippi Rebels batting - Pitching for West Virginia Mountaineers : LHP Josh Fritz
Batting: RHB Jesús Estrada 0-0: Ball
1-0: Called Strike
1-1: SINGLE (Line Drive, 34)
Batting: LHB John Allen 0-0: Swinging Strike
0-1: Swinging Strike
0-2: Ball
1-2: Ball
2-2: Strikes out looking
Batting: RHB Jesús Pérez 0-0: Grounds into double play, 4-6-3 (Groundball, 4)
Bottom of the 7th over - 0 runs, 1 hit, 0 errors, 0 left on base; West Virginia 7 - Mississippi 14
TOP OF THE 8TH
West Virginia Mountaineers batting - Pitching for Mississippi Rebels : RHP Mike White
Now in RF: Albert Hunt
Batting: RHB Víctor León 0-0: Ball
1-0: Ball
2-0: Ball
3-0: Base on Balls
Batting: LHB Jeremy Howard 0-0: Ball
1-0: Ball
2-0: Ball
3-0: Called Strike
3-1: Base on Balls
Víctor León to second
Batting: LHB Juan Garza 0-0: DOUBLE (Line Drive, 7LD)
Víctor León scores
Jeremy Howard to third
Batting: RHB Jeffrey Dunbar 0-0: Swinging Strike
0-1: Ball
1-1: Foul Ball, location: 2F
1-2: Foul Ball, location: 2F
1-2: Strikes out swinging
Batting: RHB Chris Smith 0-0: Called Strike
0-1: Foul Ball, location: 2F
0-2: Foul Ball, location: 2F
0-2: Strikes out looking
Batting: SHB George Murphy 0-0: Ball
1-0: Swinging Strike
1-1: Foul Ball, location: 2F
1-2: Strikes out looking
Top of the 8th over - 1 run, 1 hit, 0 errors, 2 left on base; West Virginia 8 - Mississippi 14
BOTTOM OF THE 8TH
Mississippi Rebels batting - Pitching for West Virginia Mountaineers : LHP Josh Fritz
Batting: LHB Howard Tyler 0-0: DOUBLE (Flyball, 8RD)
Batting: RHB Mac Clark 0-0: Foul Ball, location: 2F
0-1: SINGLE (Groundball, 6MD)
Howard Tyler to third
Runner from 3rd tries for Home, throw and OUT!
Batting: LHB Bob Crawford 0-0: Called Strike
0-1: Foul Ball, location: 2F
0-2: Ball
1-2: Foul Ball, location: 2F
1-2: Foul Ball, location: 2F
1-2: Ball
2-2: 2-RUN HOME RUN (Flyball, 9D), Distance : 348 ft
Batting: RHB Manuel Ortíz 0-0: Reached on error, E6 (Groundball, 6)
Batting: RHB Jon Waller 0-0: Called Strike
0-1: Fly out, F8 (Flyball, 8RD)
Runner from 2nd tags up, OUT at 3rd
Bottom of the 8th over - 2 runs, 3 hits, 1 error, 0 left on base; West Virginia 8 - Mississippi 16
TOP OF THE 9TH
West Virginia Mountaineers batting - Pitching for Mississippi Rebels : RHP Mike White
Batting: LHB José Galindo 0-0: Ball
1-0: Ball
2-0: Ball
3-0: Base on Balls
Batting: RHB Pancho Rodríguez 0-0: Foul Ball, location: 2F
0-1: Foul Ball, location: 2F
0-2: SINGLE (Line Drive, 8LS)
José Galindo to second
Batting: RHB David Randall 0-0: Called Strike
0-1: Grounds into double play, 3-6-3 (Groundball, 3)
José Galindo to third
Batting: RHB Víctor León 0-0: Called Strike
0-1: Ball
1-1: Fly out, F7 (Flyball, 7)
Top of the 9th over - 0 runs, 1 hit, 0 errors, 1 left on base; West Virginia 8 - Mississippi 16
Saturday, December 16th, 2017 - OOTP Baseball 18.8 Build 76